Map: Submarine LE

Players

Erik - Winner!

  • Race: Zerg Zerg
  • Spawn Location: 5:00

eGGz

  • Race: Zerg Zerg
  • League: Grandmaster
  • Spawn Location: 11:00

Event: DreamHack SC2 Masters 2020 Winter

VOD

Have the link to the VOD?

Description

Time

  • Played on: Oct. 22, 2020, 4:28 p.m.
  • Length: 10:51

All games in this series

Show
View Real Time Build Order
Export as new Build Order

Erik Zerg - Winner!

Build Orders: Hatch First 

Get SALT Encoding   

  12  0:00  Drone  
  13  0:08  Drone  
  14  0:14  Extractor  
  14  0:15  Drone  
  15  0:36  Hatchery  
  15  0:41  Drone, Extractor  
  15  0:48  Overlord  
  15  1:02  Spawning Pool  
  14  1:06  Drone  
  14  1:10  Drone  
  16  1:13  Drone  
  16  1:18  Drone  
  18  1:20  Extractor  
  17  1:28  Drone  
  18  1:38  Drone  
  19  1:49  Queen x2  
  19  1:50  Zergling x4  
  25  2:00  Drone  
  25  2:01  Overlord  
  26  2:11  Drone x2  
  28  2:21  Drone  
  29  2:23  Drone  
  30  2:31  Queen  
  30  2:32  Overlord  
  32  2:42  Drone  
  33  2:46  Evolution Chamber  
  33  2:49  Drone x2  
  34  2:59  Drone x7  
  34  3:02  Drone  
  42  3:13  Zerg Ground Armor Level 1  
  42  3:16  Roach Warren  
  40  3:20  Metabolic Boost  
  40  3:24  Overlord  
  40  3:28  Extractor  
  40  3:30  Drone x3  
  40  3:33  Drone  
  43  3:36  Overlord  
  44  3:48  Zergling x10  
  44  3:54  Lair, Extractor  
  47  4:02  Drone x4  
  51  4:03  Drone x2  
  51  4:05  Overlord  
  53  4:18  Roach x3  
  57  4:31  Roach x3  
  59  4:33  Zergling x2  
  59  4:34  Zergling x4  
  53  4:50  Roach x4  
  60  5:02  Zergling x4  
  60  5:05  Queen  
  60  5:06  Queen  
  66  5:07  Glial Reconstitution  
  66  5:09  Zergling x2  
  67  5:18  Zergling x2  
  67  5:20  Overlord  
  68  5:24  Hatchery  
  67  5:31  Overlord  
  66  5:37  Overlord x2  
  66  5:40  Roach  
  67  5:54  Roach  
  67  5:55  Roach x2  
  62  6:02  Drone  
  60  6:05  Drone  
  59  6:18  Drone x2  
  57  6:19  Spire  
  57  6:20  Drone x5  
  61  6:31  Roach  
  61  6:32  Roach  
  65  6:36  Roach  
  65  6:37  Extractor  
  66  6:40  Roach  
  66  6:41  Roach  
  66  6:46  Overseer  
  70  6:48  Roach  
  70  6:50  Roach  
  74  7:01  Roach x3  
  80  7:11  Roach x2  
  84  7:32  Mutalisk x4  
  88  7:37  Mutalisk  
  88  7:40  Mutalisk  
  92  7:49  Mutalisk  
  90  7:53  Roach x2  
  90  7:57  Overlord  
  94  8:04  Roach  
  96  8:16  Roach x3  
  102  8:33  Roach x5  
  84  8:48  Mutalisk x3  
Show
View Real Time Build Order
Export as new Build Order

eGGz Zerg 

Build Orders: Pool First 

Get SALT Encoding   

  12  0:08  Drone  
  12  0:14  Overlord  
  13  0:17  Drone  
  14  0:32  Drone x2  
  16  0:41  Spawning Pool  
  15  0:44  Drone  
  16  0:53  Drone  
  17  1:12  Drone, Hatchery  
  17  1:26  Extractor  
  17  1:27  Queen  
  17  1:28  Zergling x2  
  17  1:29  Zergling x2  
  20  1:35  Zergling x2  
  21  1:45  Drone  
  22  1:56  Overlord  
  22  2:15  Drone  
  22  2:20  Drone  
  24  2:23  Queen  
  24  2:24  Queen  
  24  2:25  Drone  
  24  2:29  Drone  
  30  2:36  Drone  
  30  2:37  Drone x3  
  34  2:49  Drone x2  
  36  2:51  Metabolic Boost  
  36  2:55  Overlord  
  35  2:59  Overlord  
  35  3:11  Overlord  
  35  3:13  Drone  
  35  3:14  Drone, Baneling Nest  
  35  3:15  Zergling x2  
  35  3:18  Zergling x4  
  39  3:26  Zergling x4  
  41  3:39  Zergling x2  
  42  3:42  Hatchery  
  42  3:43  Drone x2  
  44  3:48  Zergling x4  
  44  3:55  Zergling x4  
  47  3:58  Drone  
  47  3:59  Drone  
  49  4:09  Overlord  
  49  4:14  Drone x2  
  49  4:15  Drone x5  
  56  4:19  Baneling  
  56  4:22  Zergling x4  
  54  4:35  Zergling x4  
  54  4:43  Extractor, Zergling x4  
  54  4:44  Extractor, Roach Warren  
  52  4:51  Zergling x8  
  54  4:59  Drone x3  
  56  5:00  Drone  
  56  5:03  Drone  
  56  5:06  Drone  
  56  5:07  Drone  
  59  5:10  Baneling x5  
  59  5:13  Drone x2  
  61  5:14  Drone x3  
  61  5:15  Evolution Chamber, Drone  
  61  5:18  Queen  
  63  5:22  Overlord  
  63  5:24  Overlord  
  62  5:35  Roach x4  
  70  5:42  Roach x3  
  75  5:45  Zergling x4  
  73  5:56  Roach x4  
  76  6:03  Zergling x2  
  69  6:12  Roach x2  
  69  6:14  Roach  
  70  6:19  Roach  
  70  6:23  Zerg Ground Armor Level 1  
  70  6:25  Roach  
  74  6:26  Ravager  
  74  6:32  Roach x2  
  78  6:41  Roach  
  78  6:43  Hatchery  
  78  6:44  Roach  
  81  6:50  Ravager  
  81  6:52  Zergling x4  
  84  7:01  Overlord  
  84  7:02  Overlord x2  
  84  7:09  Overlord  
  84  7:21  Roach x5  
  94  7:29  Roach x2  
  97  7:33  Zergling x6  
  97  7:34  Zergling x2  
  98  7:42  Zergling x6  
  100  7:46  Ravager x4  
  100  7:47  Zergling x2  
  100  7:51  Zergling x2  
  106  8:01  Zergling x8  
  110  8:07  Zergling x10  
  110  8:12  Zergling x2  
  116  8:17  Queen  
  96  8:31  Roach x3  
  96  8:32  Roach x3  
  94  8:38  Zergling x2  
  94  8:39  Zergling x6  
  94  8:40  Zergling x2  
Tags
 
Add a new tag
Caveats
  • Supply blocks, unpowered buildings, or Contaminate may cause inaccurate times.
  • Supply counts are checked every 10 seconds.